[ PARTIDA AOE2 · #475653928 ]
UnrankedLituanos vs Malay
Equipo del jugador · VICT
Equipo rival · DERR
[ ANÁLISIS DE REPETICIÓN · EXTRAÍDO DE LA PARTIDA GRABADA ]
Feudal
8:51
Castillos
20:15
Imperial
—
| APM promedio | 62.2 |
| APM pico | 93 |
| eAPM promedio | 26.3 |
| Aldeanos / militares | 41 / 25 |
Foco
⚔️ 31.5% · 🌾 68.5%
Archer ×18 · Scout Cavalry ×4 · Militia ×3
Feudal
9:16
Castillos
—
Imperial
—
| APM promedio | 44.9 |
| APM pico | 71 |
| eAPM promedio | 20.2 |
| Aldeanos / militares | 53 / 20 |
Foco
⚔️ 38.5% · 🌾 61.5%
Skirmisher ×12 · Archer ×4 · Militia ×3 · Spearman ×1
Mapa de la partida
Recursos iniciales + cada clic de construcción. Líneas = muros · curvas = relieve. ◆ oro · ⬟ piedra · ● bayas · ✦ reliquia · ◌ hueco del cierre
Tu base· Abierta — flanco sin cerrar
Base de __07_kaWakaze_Arg· Abierta — flanco sin cerrar
Terreno inicial suavizado · ◌ = hueco del cierre detectado · pasá el cursor para detalles
Inputs por minuto
— Charlie Dompler - - __07_kaWakaze_Arg
Build order — Charlie Dompler
118 acciones detectadas en el replay
| 0:00 | Encolar | Villager (Male) |
| 0:01 | Construir | House |
| 0:02 | Construir | House |
| 0:05 | Encolar | Villager (Male) |
| 0:05 | Encolar | Villager (Male) |
| 0:09 | Encolar | Villager (Male) |
| 0:15 | Encolar | Villager (Male) |
| 0:15 | Encolar | Villager (Male) |
| 1:24 | Encolar | Villager (Male) |
| 1:58 | Encolar | Villager (Male) |
| 2:18 | Encolar | Villager (Male) |
| 2:24 | Construir | Lumber Camp |
| 2:49 | Encolar | Villager (Male) |
| 3:06 | Encolar | Villager (Male) |
| 3:50 | Construir | House |
| 3:57 | Encolar | Villager (Male) |
| 4:22 | Encolar | Villager (Male) |
| 4:49 | Construir | House |
| 4:56 | Encolar | Villager (Male) |
| 5:19 | Construir | Barracks |
| 5:28 | Encolar | Villager (Male) |
| 5:30 | Investigar | Loom |
| 5:59 | Construir | Palisade Wall |
| 6:34 | Investigar | Feudal Age |
| 6:35 | Investigar | Feudal Age |
| 7:11 | Construir | Mining Camp |
| 7:12 | Encolar | Militia |
| 7:12 | Encolar | Militia |
| 7:57 | Construir | Mill |
| 8:00 | Encolar | Villager (Male) |
| 8:11 | Encolar | Militia |
| 8:34 | Construir | House |
| 8:51 | Edad | Edad Feudal |
| 8:57 | Construir | Archery Range |
| 9:13 | Encolar | Villager (Male) |
| 9:43 | Encolar | Villager (Male) |
| 9:52 | Encolar | Villager (Male) |
| 9:52 | Encolar | Archer |
| 9:56 | Encolar | Archer |
| 10:07 | Encolar | Archer |
| 10:26 | Encolar | Villager (Male) |
| 10:30 | Construir | Farm |
| 10:32 | Construir | Farm |
| 10:34 | Construir | Farm |
| 10:36 | Construir | Farm |
| 10:38 | Encolar | Villager (Male) |
| 10:53 | Encolar | Villager (Male) |
| 10:53 | Encolar | Archer |
| 11:14 | Construir | House |
| 11:19 | Encolar | Villager (Male) |
| 11:20 | Encolar | Archer |
| 11:50 | Construir | Blacksmith |
| 11:55 | Encolar | Archer |
| 11:58 | Encolar | Villager (Male) |
| 12:14 | Construir | Mill |
| 12:30 | Encolar | Villager (Male) |
| 12:41 | Encolar | Archer |
| 12:48 | Construir | House |
| 12:54 | Construir | House |
| 12:57 | Investigar | Fletching |
| 12:58 | Encolar | Villager (Male) |
| 13:05 | Encolar | Archer |
| 13:08 | Encolar | Villager (Male) |
| 13:11 | Construir | Farm |
| 13:21 | Construir | House |
| 13:24 | Encolar | Villager (Male) |
| 13:30 | Encolar | Archer |
| 13:36 | Encolar | Villager (Male) |
| 13:40 | Encolar | Villager (Male) |
| 13:48 | Encolar | Archer |
| 13:59 | Encolar | Villager (Male) |
| 14:05 | Encolar | Villager (Male) |
| 14:09 | Encolar | Villager (Male) |
| 14:12 | Encolar | Archer |
| 14:26 | Construir | Farm |
| 14:29 | Encolar | Villager (Male) |
| 14:36 | Encolar | Villager (Male) |
| 14:52 | Encolar | Villager (Male) |
| 15:01 | Encolar | Archer |
| 15:12 | Encolar | Villager (Male) |
| 15:19 | Encolar | Archer |
| 15:22 | Encolar | Villager (Male) |
| 15:34 | Construir | Farm |
| 15:35 | Construir | Farm |
| 15:36 | Construir | Farm |
| 16:25 | Encolar | Villager (Male) |
| 16:36 | Encolar | Archer |
| 16:38 | Construir | House |
| 16:41 | Construir | Lumber Camp |
| 16:55 | Construir | Farm |
| 17:04 | Construir | Palisade Wall |
| 17:16 | Encolar | Archer |
| 17:30 | Construir | Farm |
| 17:35 | Investigar | Castle Age |
| 17:37 | Construir | Stable |
| 18:13 | Encolar | Archer |
| 18:28 | Construir | House |
| 18:29 | Construir | Palisade Wall |
| 18:32 | Encolar | Scout Cavalry |
| 18:34 | Encolar | Archer |
| 18:36 | Construir | Palisade Wall |
| 18:38 | Construir | Palisade Wall |
| 18:39 | Construir | Palisade Wall |
| 18:44 | Construir | Palisade Wall |
| 18:47 | Construir | Palisade Wall |
| 18:54 | Encolar | Scout Cavalry |
| 19:02 | Encolar | Scout Cavalry |
| 19:19 | Encolar | Scout Cavalry |
| 19:30 | Encolar | Villager (Male) |
| 19:33 | Construir | Farm |
| 19:57 | Construir | Farm |
| 20:00 | Construir | Farm |
| 20:15 | Edad | Edad de los Castillos |
| 20:19 | Investigar | Bodkin Arrow |
| 20:19 | Investigar | Crossbowman (upgrade) |
| 20:25 | Encolar | Archer |
| 20:25 | Encolar | Villager (Male) |
| 20:29 | Construir | Farm |
Build order — __07_kaWakaze_Arg
134 acciones detectadas en el replay
| 0:01 | Encolar | Villager (Male) ×4 |
| 0:02 | Construir | House |
| 0:03 | Construir | House |
| 1:25 | Encolar | Villager (Male) |
| 2:03 | Encolar | Villager (Male) |
| 2:11 | Encolar | Villager (Male) |
| 2:53 | Encolar | Villager (Male) |
| 3:02 | Encolar | Villager (Male) |
| 3:41 | Construir | Lumber Camp |
| 3:43 | Construir | House |
| 3:47 | Encolar | Villager (Male) |
| 3:55 | Encolar | Villager (Male) |
| 4:22 | Encolar | Villager (Male) |
| 4:37 | Encolar | Villager (Male) |
| 4:43 | Construir | House |
| 5:01 | Encolar | Villager (Male) |
| 5:42 | Construir | Palisade Wall |
| 5:46 | Construir | Mill |
| 5:47 | Encolar | Villager (Male) |
| 6:17 | Encolar | Villager (Male) |
| 6:30 | Encolar | Villager (Male) |
| 6:50 | Investigar | Loom |
| 7:14 | Construir | Barracks |
| 7:31 | Encolar | Villager (Male) |
| 7:49 | Construir | House |
| 7:50 | Construir | Palisade Wall |
| 7:55 | Investigar | Feudal Age |
| 8:07 | Construir | House |
| 8:08 | Construir | Palisade Wall |
| 8:16 | Encolar | Militia |
| 8:34 | Encolar | Militia |
| 8:45 | Construir | Mill |
| 8:59 | Encolar | Villager (Male) |
| 9:13 | Encolar | Militia |
| 9:16 | Edad | Edad Feudal |
| 9:18 | Construir | House |
| 9:26 | Encolar | Villager (Male) |
| 9:50 | Encolar | Villager (Male) |
| 10:04 | Encolar | Villager (Male) |
| 10:10 | Encolar | Villager (Male) |
| 10:14 | Encolar | Villager (Male) |
| 10:45 | Construir | Mining Camp |
| 10:54 | Encolar | Villager (Male) |
| 11:07 | Encolar | Villager (Male) |
| 11:12 | Construir | Archery Range |
| 11:25 | Encolar | Villager (Male) |
| 11:36 | Investigar | Double-Bit Axe |
| 11:39 | Construir | House |
| 11:43 | Construir | Palisade Wall |
| 11:53 | Construir | Farm |
| 12:01 | Construir | Palisade Wall |
| 12:04 | Construir | House |
| 12:15 | Encolar | Villager (Male) |
| 12:19 | Construir | House |
| 12:20 | Construir | Palisade Wall |
| 12:21 | Construir | Palisade Wall |
| 12:24 | Encolar | Archer |
| 12:37 | Encolar | Villager (Male) |
| 12:43 | Encolar | Archer |
| 12:51 | Encolar | Villager (Male) |
| 12:52 | Construir | Farm |
| 13:06 | Encolar | Villager (Male) |
| 13:09 | Encolar | Archer |
| 13:25 | Construir | Blacksmith |
| 13:29 | Construir | Blacksmith |
| 13:33 | Encolar | Villager (Male) |
| 13:39 | Encolar | Villager (Male) |
| 13:44 | Encolar | Villager (Male) |
| 14:02 | Encolar | Skirmisher |
| 14:07 | Construir | Farm |
| 14:09 | Construir | Farm |
| 14:09 | Construir | Farm |
| 14:23 | Encolar | Villager (Male) |
| 14:39 | Encolar | Skirmisher |
| 14:45 | Construir | Farm |
| 14:46 | Construir | Farm |
| 14:47 | Construir | Farm |
| 14:49 | Construir | Farm |
| 14:57 | Encolar | Villager (Male) |
| 15:19 | Encolar | Villager (Male) |
| 15:21 | Encolar | Villager (Male) |
| 15:27 | Encolar | Skirmisher |
| 15:27 | Encolar | Skirmisher |
| 16:19 | Encolar | Villager (Male) |
| 16:28 | Encolar | Skirmisher |
| 16:33 | Encolar | Villager (Male) |
| 16:38 | Construir | Lumber Camp |
| 16:41 | Encolar | Villager (Male) |
| 16:59 | Construir | Palisade Wall |
| 17:08 | Encolar | Archer |
| 17:10 | Encolar | Villager (Male) |
| 17:13 | Investigar | Fletching |
| 17:22 | Construir | House |
| 17:24 | Construir | House |
| 17:44 | Investigar | Man-at-Arms (upgrade) |
| 17:46 | Encolar | Villager (Male) |
| 18:04 | Encolar | Villager (Male) |
| 18:10 | Encolar | Skirmisher |
| 18:12 | Encolar | Villager (Male) |
| 18:29 | Encolar | Villager (Male) |
| 18:33 | Construir | Farm |
| 18:34 | Construir | Farm |
| 18:34 | Construir | Farm |
| 18:34 | Construir | Farm |
| 18:34 | Construir | Farm |
| 18:35 | Construir | Farm |
| 18:35 | Construir | Farm |
| 18:37 | Encolar | Villager (Male) |
| 18:44 | Encolar | Villager (Male) |
| 18:51 | Encolar | Skirmisher |
| 18:51 | Encolar | Skirmisher |
| 18:51 | Encolar | Skirmisher |
| 18:53 | Encolar | Villager (Male) |
| 19:10 | Encolar | Skirmisher |
| 19:10 | Encolar | Skirmisher |
| 19:11 | Encolar | Villager (Male) |
| 19:21 | Construir | Farm |
| 19:23 | Construir | Farm |
| 19:24 | Construir | Farm |
| 19:24 | Construir | Farm |
| 19:24 | Construir | Farm |
| 19:24 | Construir | Farm |
| 19:25 | Construir | Farm |
| 19:33 | Encolar | Skirmisher |
| 19:51 | Encolar | Villager (Male) |
| 19:58 | Construir | Farm |
| 19:58 | Construir | Farm |
| 19:59 | Construir | Farm |
| 19:59 | Construir | Farm |
| 19:59 | Construir | Farm |
| 20:08 | Encolar | Spearman |
| 20:14 | Construir | House |
| 20:15 | Encolar | Villager (Male) |
| 20:19 | Encolar | Villager (Male) |
Cronología de la partida
| 5:19 | Charlie Dompler · first_building Barracks |
| 5:42 | __07_kaWakaze_Arg · wall_segment Palisade Wall x1 |
| 5:59 | Charlie Dompler · wall_segment Palisade Wall x4 |
| 7:14 | __07_kaWakaze_Arg · first_building Barracks |
| 7:50 | __07_kaWakaze_Arg · wall_segment Palisade Wall x1 |
| 8:08 | __07_kaWakaze_Arg · wall_segment Palisade Wall x1 |
| 8:51 | Charlie Dompler · age_up feudal |
| 8:57 | Charlie Dompler · first_building Archery Range |
| 9:16 | __07_kaWakaze_Arg · age_up feudal |
| 11:12 | __07_kaWakaze_Arg · first_building Archery Range |
| 11:43 | __07_kaWakaze_Arg · wall_segment Palisade Wall x12 |
| 12:01 | __07_kaWakaze_Arg · wall_segment Palisade Wall x1 |
| 12:20 | __07_kaWakaze_Arg · wall_segment Palisade Wall x1 |
| 12:21 | __07_kaWakaze_Arg · wall_segment Palisade Wall x1 |
| 16:59 | __07_kaWakaze_Arg · wall_segment Palisade Wall x15 |
| 17:04 | Charlie Dompler · wall_segment Palisade Wall x1 |
| 17:37 | Charlie Dompler · first_building Stable |
| 18:29 | Charlie Dompler · wall_segment Palisade Wall x1 |
| 18:36 | Charlie Dompler · wall_segment Palisade Wall x1 |
| 18:38 | Charlie Dompler · wall_segment Palisade Wall x1 |
| 18:39 | Charlie Dompler · wall_segment Palisade Wall x1 |
| 18:44 | Charlie Dompler · wall_segment Palisade Wall x1 |
| 18:47 | Charlie Dompler · wall_segment Palisade Wall x1 |
| 20:15 | Charlie Dompler · age_up castle |
| 20:53 | __07_kaWakaze_Arg · resign |
[ ANÁLISIS IA · 1 CRÉDITO ]
¿Qué pasó realmente en esta partida?
Wolo.gg analiza cada decisión: build order, eco, micro, errores típicos por bracket. Análisis personalizado por WhatsApp o Discord en 30 segundos.
Guía civ
Lituanos
Perfil
Mugno